 Dungeon Crawl Stone Soup version 0.21.1-1-g345015f (webtiles) character file.

3010 mrmercer the Gusty (level 9, 0/64 HPs)
             Began as a Grey Draconian Air Elementalist on July 1, 2018.
             Was a Follower of Vehumet.
             Killed from afar by an electric eel (16 damage)
             ... with a bolt of electricity
             ... on level 7 of the Dungeon.
             The game lasted 00:55:45 (5896 turns).

mrmercer the Gusty (DrAE)                           Turns: 5896, Time: 00:55:46

Health: 0/64       AC: 13    Str: 12    XL:     9   Next: 55%
Magic:  25/28      EV: 13    Int: 18    God:    Vehumet [*.....]
Gold:   119        SH:  0    Dex: 11    Spells: 12/21 levels left

rFire    . . .     SeeInvis .   z - -3 dagger (curse)
rCold    . . .     Gourm    .   (no shield)
rNeg     . . .     Faith    .   (armour unavailable)
rPois    .         Spirit   .   (helmet restricted)
rElec    .         Reflect  .   (no cloak)
rCorr    +         Harm     +   p - +0 pair of gloves
MR       .....                  (no boots)
Stlth    ++........             c - amulet of harm
HPRegen  0.20/turn              g - ring of resist corrosion
MPRegen  0.21/turn              h - ring of magical power

@: no status effects
A: walk through water, unfitting armour, unbreathing, cold-blooded, AC +12
a: Renounce Religion


You were on level 7 of the Dungeon.
You worshipped Vehumet.
Vehumet was aware of your devotion.
You were not hungry.

You visited 2 branches of the dungeon, and saw 8 of its levels.

You collected 339 gold pieces.
You spent 220 gold pieces at shops.

Inventory:

Hand Weapons
 i - a +1 shortbow of velocity
 o - a +2 short sword of venom
 v - a +3 hand axe of freezing
 w - a +3 trident
 x - a +4 falchion
 z - a cursed -3 dagger (weapon)
Missiles
 q - 69 arrows
Armour
 p - a +0 pair of gloves (worn)
Jewellery
 c - an amulet of harm (around neck)
 g - a ring of resist corrosion (left hand)
 h - a ring of magical power (right hand)
 t - an uncursed ring of resist corrosion
Wands
 m - a wand of flame (38)
 r - a wand of scattershot (5)
Scrolls
 e - 6 scrolls of identify
 f - 3 scrolls of enchant weapon
 n - a scroll of amnesia {unknown}
 s - a scroll of fear {unknown}
 y - a scroll of noise {unknown}
Potions
 j - a potion of haste
 k - 3 potions of brilliance
 u - a potion of agility {unknown}
Books
 a - a book of Air

   Spells                             Type                      Level
   a - Shock                          Conjuration/Air              1
   b - Swiftness                      Charms/Air                   2
   c - Static Discharge               Conjuration/Air              3
   d - Airstrike                      Air                          4
   e - Lightning Bolt                 Conjuration/Air              5
 d - a book of Necromancy

   Spells                             Type                      Level
   a - Pain                           Necromancy                   1
   b - Animate Skeleton               Necromancy                   1
   c - Vampiric Draining              Necromancy                   3
   d - Regeneration                   Charms/Necromancy            3
   e - Animate Dead                   Necromancy                   4
   f - Borgnjor's Vile Clutch         Necromancy/Earth             5
 l - a book of Conjurations

   Spells                             Type                      Level
   a - Magic Dart                     Conjuration                  1
   b - Searing Ray                    Conjuration                  2
   c - Dazzling Spray                 Conjuration/Hexes            3
   d - Fulminant Prism                Conjuration/Hexes            4
   e - Force Lance                    Conjuration/Translocation    4
   f - Iskenderun's Mystic Blast      Conjuration                  4
Comestibles
 b - 10 rations


   Skills:
 - Level 1.2 Fighting
 + Level 0.6 Long Blades
   Level 1.3 Maces & Flails
 + Level 3.2 Dodging
 + Level 2.9 Stealth
 + Level 6.7 Spellcasting
 + Level 6.5 Conjurations
 * Level 7.2 Air Magic
 + Level 0.3 Evocations


You had 12 spell levels left.
You knew the following spells:

 Your Spells              Type           Power        Failure   Level  Hunger
a - Shock                 Conj/Air       ####         1%          1    None
b - Static Discharge      Conj/Air       ####....     1%          3    ##.....
c - Lightning Bolt        Conj/Air       ####......   19%         5    #####..


Dungeon Overview and Level Annotations

Branches:
Dungeon (7/15)             Temple (1/1) D:7

Altars:
Ashenzari
Cheibriados
Dithmenos
Elyvilon
Fedhas
Gozag
Hepliaklqana
Kikubaaqudgha
Makhleb
Nemelex Xobeh
Okawaru
Ru
Trog
Uskayaw
Vehumet
Xom
Yredelemnul
The Shining One
Jiyva

Shops:
D:6 =?


Innate Abilities, Weirdness & Mutations

You can walk through water.
Your dull iron-grey scales are very hard. (AC +12)
You cannot fit into any form of body armour.
You can survive without breathing.
You are cold-blooded and may be slowed by cold attacks.


Message History

You don't know that spell.
The electric eel shoots out a bolt of lightning at you!
The bolt of electricity hits the plant.
The bolt of electricity hits you! x2
The bolt of electricity hits the plant.
You hit the plant but do no damage.
The plant is lightly damaged.
The electric eel shoots out a bolt of lightning at you!
The bolt of electricity hits the plant.
The bolt of electricity misses you. The bolt of electricity hits you!
* * * LOW HITPOINT WARNING * * *
The bolt of electricity hits the plant.
Casting: Shock
Confirm with . or Enter, or press ? or * to list all spells.
You can't see any susceptible monsters within range! (Use Z to cast anyway.)
Casting: Shock
Confirm with . or Enter, or press ? or * to list all spells.
You can't see any susceptible monsters within range! (Use Z to cast anyway.)
The electric eel shoots out a bolt of lightning at you!
The bolt of electricity hits the plant.
The bolt of electricity hits you!
You die...

....... ##.......##
...[..# #.........# ......
+.........+ ##.#...
#.........#
♣♣♣♣♣♣...#.######.......##
≈≈P≈≈P≈.##.............##
≈PP≈≈≈♣.##...P.P..#...##
≈≈≈≈≈≈P....#.P>...##+####
≈≈≈≈≈≈PP#@##..PP.##.....
≈P≈≈≈≈;P≈..#..PP.##.(##
≈≈♣≈..≈.≈..#.#........####
....≈...[......####......#
............##.# ........
.......≈≈≈♣###.####...#.>#
≈≈P≈≈≈PP♣♣♣.......#...#..#
≈≈PP≈♣ ####.##†........
#.#####..##.#


You could see an electric eel.

Vanquished Creatures
  Grinder (D:3)
  A hippogriff (D:7)
  Sigmund (D:3)
  A human (D:3)
  Menkaure (D:7)
  A sky beast (D:5)
  An orc warrior (D:7)
  A black bear (D:7)
  3 ogres
  2 centaurs (D:6)
  A big kobold (D:6)
  A scorpion (D:6)
  5 killer bees (D:7)
  5 wights (D:6)
  A bullfrog zombie (D:5)
  2 crimson imps
  2 hounds
  9 orc priests
  5 orc wizards
  A human skeleton (D:3)
  2 iguanas
  3 worker ants
  A statue (D:5)
  A worker ant zombie (D:7)
  A gnoll (D:1)
  7 adders
  2 shadow imps (D:5)
  2 oozes
  An adder zombie (D:5)
  An adder skeleton (D:6)
  2 worms
  2 dart slugs (D:1)
  7 leopard geckos
  20 orcs
  A ball python (D:3)
  5 giant cockroaches
  6 goblins (D:1)
  5 hobgoblins
  11 jackals
  2 quokkas
  11 bats
  2 frilled lizards
  A goblin zombie (D:3)
  14 kobolds
  A quokka skeleton (D:6)
  9 rats
165 creatures vanquished.

Notes
Turn   | Place    | Note
-------+----------+-------------------------------------------
     0 | D:1      | mrmercer the Draconian Air Elementalist began the quest for the Orb.
     0 | D:1      | Reached XP level 1. HP: 14/14 MP: 3/3
    81 | D:1      | Reached XP level 2. HP: 11/20 MP: 0/5
   135 | D:1      | HP: 1/20 [ooze (1)]
   157 | D:1      | HP: 1/20 [ooze (1)]
   328 | D:1      | Reached XP level 3. HP: 8/26 MP: 0/6
  1048 | D:2      | Found a sacrificial altar of Ru.
  1055 | D:2      | Reached XP level 4. HP: 33/33 MP: 0/7
  1112 | D:2      | Learned a level 3 spell: Static Discharge
  1339 | D:3      | Noticed Grinder
  1365 | D:3      | Killed Grinder
  1365 | D:3      | Reached skill level 4 in Air Magic
  1365 | D:3      | Reached XP level 5. HP: 11/39 MP: 0/10
  1365 | D:3      | Reached XP level 6. HP: 13/46 MP: 0/11
  1547 | D:3      | Found a hide-covered altar of Uskayaw.
  1560 | D:3      | Reached skill level 1 in Fighting
  1575 | D:3      | Learned a level 5 spell: Lightning Bolt
  1737 | D:3      | Noticed a human
  1738 | D:3      | Found a runed door.
  1751 | D:3      | Found a basalt altar of Yredelemnul.
  1794 | D:3      | Killed a human
  1794 | D:3      | Reached skill level 1 in Maces & Flails
  2434 | D:3      | Your scales start taking on a dull iron-grey colour.
  2434 | D:3      | Reached XP level 7. HP: 52/52 MP: 5/13
  2434 | D:3      | Gained mutation: You can survive without breathing. [Grey Draconian growth]
  2445 | D:3      | Noticed Sigmund
  2452 | D:3      | Killed Sigmund
  2677 | D:3      | Found a bloodstained altar of Trog.
  3103 | D:4      | Reached skill level 5 in Air Magic
  3400 | D:4      | Reached XP level 8. HP: 55/59 MP: 4/15
  3746 | D:5      | Entered Level 5 of the Dungeon
  3755 | D:5      | Reached skill level 5 in Spellcasting
  3944 | D:5      | Found a radiant altar of Vehumet.
  4095 | D:5      | Became a worshipper of Vehumet
  4516 | D:6      | Reached skill level 5 in Conjurations
  4522 | D:6      | Reached skill level 6 in Air Magic
  4896 | D:6      | Found an iron altar of Okawaru.
  5004 | D:6      | Found Foerch's Jewellery Shop.
  5022 | D:6      | Bought an uncursed ring of magical power for 220 gold pieces
  5044 | D:6      | Found a shimmering altar of Xom.
  5173 | D:6      | Found Gaetz's Magic Scroll Emporium.
  5178 | D:6      | Reached * piety under Vehumet
  5178 | D:6      | Offered knowledge of Sandblast by Vehumet.
  5178 | D:6      | Reached XP level 9. HP: 64/64 MP: 5/18
  5251 | D:6      | Found a snail-covered altar of Cheibriados.
  5403 | D:7      | Noticed Menkaure
  5410 | D:7      | Killed Menkaure
  5503 | D:7      | Reached skill level 7 in Air Magic
  5630 | D:7      | Found a shattered altar of Ashenzari.
  5729 | D:7      | Found a staircase to the Ecumenical Temple.
  5777 | Temple   | Entered the Ecumenical Temple
  5896 | D:7      | Killed from afar by an electric eel

Skill      XL: |  1  2  3  4  5  6  7  8  9 |
---------------+----------------------------+-----
Stealth        | 2 |  2.9
Dodging        | 2 3 |  3.2
Spellcasting   | 3 4 6 |  6.7
Conjurations   | 2 3 4 5 6 |  6.5
Air Magic      | 4 5 6 7 |  7.2
Fighting       | 1 |  1.2
Maces & Flails | 1 |  1.3
Long Blades    | |  0.6
Evocations     | |  0.3

Action                   |  1- 3 |  4- 6 |  7- 9 || total
-------------------------+-------+-------+-------++-------
Melee: Unarmed           |     3 |       |       ||     3
       Club              |    27 |    27 |    35 ||    89
       Tailslap          |     1 |     4 |     5 ||    10
       Dagger            |       |       |     2 ||     2
       Falchion          |       |       |     2 ||     2
 Cast: Shock             |    57 |    70 |   232 ||   359
       Static Discharge  |       |     3 |    31 ||    34
Evoke: Wand              |       |       |     5 ||     5
  Use: Scroll            |     2 |       |     2 ||     4
       Potion            |     2 |     1 |     2 ||     5
  Eat: Chunk             |     1 |       |     2 ||     3
       Ration            |       |     2 |     3 ||     5
Armor: Skin              |    16 |     5 |    43 ||    64
Dodge: Dodged            |    46 |    18 |    61 ||   125
       Rpst.: Falchion   |       |       |     5 ||     5
